AoeStats
← Marstindil

Arabia

507962370Analyzed
1v1 RM · 10d ago on Sep 20, 2026· 67m 27s· 2 players
Game mode
Random Map
Map size
Tiny (2 player)
Population
200
Speed
Normal
Resources
Standard
Victory
Conquest
Starting age
Dark Age
Ending age
Imperial Age
RankedLock teamsTeams togetherTeam positionsShared explorationLock speedFull tech treeHidden civsTurbo modeCheats
Victory
Defeat
🇬🇧 Gurjaras · United Kingdom
978
+16
🇦🇷 Bohemians · Argentina
968
-16
Marstindil
7:53 Loom
10:25 Feudal Age
11:09 Double-Bit Axe
11:08 Horse Collar
14:12 Town Watch
16:23 Fletching
21:58 Castle Age
23:04 Scale Barding Armor
22:28 Pikeman
23:27 Bow Saw
23:33 Heavy Plow
23:56 Husbandry
24:26 Chain Barding Armor
23:51 Light Cavalry
27:52 Crossbowman
34:47 Bodkin Arrow
34:53 Padded Archer Armor
35:16 Forging
37:58 Wheelbarrow
41:07 Imperial Age
39:57 Chemistry
39:18 Ballistics
39:19 Squires
39:23 Scale Mail Armor
41:39 Iron Casting
41:20 Chain Mail Armor
41:39 Hand Cart
42:05 Arbalester
46:02 Blast Furnace
46:35 Elite Skirmisher
47:41 Town Patrol
47:51 Halberdier
49:38 Conscription
51:19 Plate Mail Armor
50:50 Bracer
63:06 Bracer
spilling
9:24 Loom
9:29 Loom
12:21 Feudal Age
12:50 Double-Bit Axe
19:43 Castle Age
17:52 Horse Collar
20:37 Fletching
21:33 Scale Barding Armor
22:59 Husbandry
23:09 Heavy Plow
23:21 Bow Saw
29:30 Chain Barding Armor
29:22 Forging
29:43 Town Watch
32:18 Bloodlines
32:44 Redemption
33:58 Wheelbarrow
35:35 Bodkin Arrow
39:05 Iron Casting
38:30 Padded Archer Armor
40:23 Hand Cart
40:19 Town Patrol
45:14 Imperial Age
42:59 Elite Skirmisher
44:39 Masonry
44:39 Kshatriyas
46:29 Leather Archer Armor
46:20 Elite Shrivamsha Rider
47:53 Plate Barding Armor
47:19 Bracer
48:09 Architecture
49:38 Gold Mining
49:38 Stone Mining
49:58 Scale Mail Armor
51:06 Conscription
51:13 Frontier Guards
51:15 Ballistics
51:57 Chemistry
50:54 Elite Chakram Thrower
57:28 Light Cavalry
59:21 Gold Shaft Mining
61:18 Crop Rotation
61:04 Hussar
Connection lost

Rejoining the realm…

Still unreachable

The connection could not be restored.

Session expired

The server has moved on; the page needs a fresh start.